[Event "Late-Titled-Tuesday-Blitz-December-26-2023"]
[Site "Chess.com"]
[Date "2023.12.26"]
[Round "2"]
[White "js20000"]
[Black "bipe137"]
[Result "1/2-1/2"]
[WhiteElo "2797"]
[BlackElo "2541"]
[TimeControl "180+1"]
[EndTime "14:18:28 PST"]
[Termination "Game drawn by repetition"]

1. b3 Nf6 2. Bb2 e6 3. e3 d5 4. g4 a5 5. a3 b6 6. h4 Bb7 7.
Bg2 h5 8. g5 Nfd7 9. g6 f6 10.
Bf3 Bd6 11. Bxh5 Nc6 12. d4 Ne7 13. Nd2 f5 14. Be2 Nxg6 15. h5 Ngf8 16. Ngf3 Qe7 17. Ne5 Nxe5 18. dxe5 Bc5 19. Nf3 Qd7 20. Nd4 Bxd4 21. Qxd4 Ba6 22. Bf3 c5 23. Qh4 Qe7 24.
Qxe7+ Kxe7 25. c4 Rd8 26. cxd5 exd5 27. O-O-O Bb7 28. Rhg1 Ne6 29. Rg6 Rh6 30. Rxh6 gxh6 31. Rg1 Ng5 32. Bh1 Rc8 33. f4 Nf7 34. e6 Kxe6 35.
Rg6+ Ke7 36. Rxb6 Rc7 37. Rf6 d4 38. Bxb7 Kxf6 39. Bd5 Ke7 40. exd4 cxd4+ 41. Kd2 Rd7 42. Bxf7 Kxf7 43. Kd3 Ke6 44. Bxd4 Kd5 45. b4 a4 46. b5 Rc7 47. b6 Rc1 48. Bb2 Rc6 49. Bd4 Rc1 50.
Bb2 Rc6 51. Bd4 Rc8 52. Be5 Kc6 53. Bc7 Re8 54. Kc4 Re4+ 55. Kc3 Kb7 56. Kd3 Kc6 57. Kc3 Kb7 58. Kd3 Kc8 59. Kc3 Kb7 1/2-1/2

[Event "Late-Titled-Tuesday-Blitz-December-26-2023"]
[Site "Chess.com"]
[Date "2023.12.26"]
[Round "2"]
[White "WindWhistler11"]
[Black "Grammnik"]
[Result "1-0"]
[WhiteElo "2469"]
[BlackElo "2192"]
[TimeControl "180+1"]
[EndTime "14:18:29 PST"]
[Termination "WindWhistler11 won on time"]

1. Nf3 d5 2. c4 c6 3. b3 Nf6 4. Bb2 Bf5 5. e3 e6 6. Be2 Nbd7 7. O-O Bd6 8. d3 O-O 9. Nc3 Qb8 10. h3 Bg6 11. Nh4 Re8 12. a3 a5 13. Nxg6 hxg6 14. Rb1 Qd8 15. Qc1 Qe7 16. Na4 Bb8 17. c5 e5 18. Qc2 Nh5 19. b4 Qh4 20. Ba1 d4 21. Bxh5 gxh5 22. bxa5 dxe3 23. fxe3 Rxa5 24. Rb4 Qg5 25.
Qf2 Nf6 26. Nc3 Re7 27. Ne2 Rxc5 28. Ng3 e4 29. Nf5 Rd7 30. d4 Rxf5 31. Qxf5 Qxf5 32. Rxf5 Nd5 33. Rb3 b5 34. Rxh5 g6 35. Rg5 Nxe3 36.
Rxe3 Bf4 37. Rgg3 Bxg3 38. Rxg3 Ra7 39. Kf2 b4 40. Bb2 bxa3 41. Rxa3 Rb7 42. Bc1 f5 43. Rc3 Rb6 44. h4 Kf7 45. Ke3 Ke6 46. Kf4 Kd5 47. Be3 Rb5 48. Rc5+ Rxc5 49. dxc5 1-0

[Event "Late-Titled-Tuesday-Blitz-December-26-2023"]
[Site "Chess.com"]
[Date "2023.12.26"]
[Round "2"]
[White "FoxOnTheRun97"]
[Black "Hrant_ChessMood"]
[Result "0-1"]
[WhiteElo "2557"]
[BlackElo "2881"]
[TimeControl "180+1"]
[EndTime "14:18:31 PST"]
[Termination "Hrant_ChessMood won on time"]

1. d4 d5 2. Bf4 c5 3. e3 Nc6 4.
Nf3 Bg4 5. Nbd2 e6 6. c3 Qb6 7. Qb3 c4 8. Qxb6 axb6 9. a3 b5 10. Rc1 Nf6 11. Be2 Nd7 12. e4 Nb6 13. exd5 Nxd5 14. Bg3 Be7 15. O-O O-O 16. Rfe1 h6 17. Ne4 Rfd8 18. h3 Bf5 19. Bd1 Rac8 20. Bc2 Bh7 21. Ne5 Nxe5 22. Bxe5 Nb6 23. Nd2 Na4 24. Bxh7+ Kxh7 25. Rc2 Rd5 26. Bg3 Rcd8 27. Kf1 Nb6 28. Nf3 Rc8 29. Re5 Rxe5 30. Nxe5 Kg8 31. Ke1 Nd5 32. Kd1 Bd6 33. Re2 Bxe5 34. Bxe5 f6 35.
Bh2 Kf7 36. g4 h5 37. Bg3 Rh8 38. Re1 g5 39. Ke2 f5 40. Be5 Rh6 41. f3 hxg4 42. hxg4 Rh3 43. gxf5 exf5 44. Kf2 f4 45. Kg2 Rg3+ 46.
Kf2 Rh3 47. Kg2 Rh6 48. Bb8 Ne3+ 49. Kg1 Rh3 50. Rb1 Rxf3 51. b3 cxb3 52. Rxb3 Rf1+ 53.
Kh2 g4 54. Bxf4 Rxf4 55. Rxb5 Rf3 56. Rxb7+ Kf6 0-1

[Event "Late-Titled-Tuesday-Blitz-December-26-2023"]
[Site "Chess.com"]
[Date "2023.12.26"]
[Round "2"]
[White "AyMitecK"]
[Black "Grindaveci"]
[Result "0-1"]
[WhiteElo "2554"]
[BlackElo "2362"]
[TimeControl "180+1"]
[EndTime "14:18:35 PST"]
[Termination "Grindaveci won by checkmate"]

1. e4 e5 2. Qh5 Nc6 3. Bc4 g6 4. Qf3 Nf6 5. Ne2 Bg7 6. d3 h6 7.
Nbc3 d6 8. h3 Qe7 9. g4 Be6 10. g5 Nh5 11. Nd5 Bxd5 12. Bxd5 hxg5 13. Bxg5 Qxg5 14. Qxf7+ Kd8 15. Rg1 Qf6 16. Rxg6 Qxf7 17.
Bxf7 Ke7 18. Bb3 Bf6 19. O-O-O Na5 20. Ba4 a6 21. c3 Rag8 22. Rg4 Nf4 23. Ng3 Nxh3 24.
Nf5+ Kf8 25. Rxg8+ Rxg8 26. f3 Nf4 27. Rh1 Nxd3+ 28.
Kd2 Nxb2 29. Bc2 Nbc4+ 30. Kc1 Bg5+ 31. Kb1 Na3+ 32. Kb2 N5c4+ 33. Kb3 Nxc2 34. Kxc2 Ne3+ 35. Nxe3 Bxe3 36. Rh7 Rg7 37. Rh8+ Ke7 38. Rc8 Kd7 39. Rb8 b6 40. Kd3 Bc5 41. Kc4 a5 42. Kb5 Rg1 43. Rh8 Rb1+ 44. Kc4 b5+ 45. Kd3 Rb2 46. a4 bxa4 47.
Kc4 a3 48. f4 a2 49. Rh7+ Kc6 50.
fxe5 a1=Q 51. exd6 Bxd6 52. Rxc7+ Bxc7 53. e5 Qa4+ 54. Kd3 Qc2+ 55. Kc4 Qe4# 0-1

[Event "Late-Titled-Tuesday-Blitz-December-26-2023"]
[Site "Chess.com"]
[Date "2023.12.26"]
[Round "2"]
[White "Vision_64"]
[Black "guillembaches"]
[Result "0-1"]
[WhiteElo "2298"]
[BlackElo "2499"]
[TimeControl "180+1"]
[EndTime "14:18:38 PST"]
[Termination "guillembaches won on time"]

1. f4 d5 2. Nf3 g6 3. g3 Bg7 4.
Bg2 Nh6 5. O-O O-O 6. d3 d4 7. e3 dxe3 8. Bxe3 Bxb2 9. Nbd2 Ng4 10. Bc5 Na6 11. Rb1 Nxc5 12. Rxb2 Ne3 13. Qe2 Nxf1 14. Nxf1 Bg4 15. Qe5 b6 16. Nd4 f6 17.
Qe3 Qd6 18. Bxa8 Rxa8 19. Nf3 Rd8 20. N1d2 Kg7 21. Rb1 Bd7 22. Re1 Kf7 23. Nc4 Qe6 24. Qf2 Qd5 25. Qe3 e6 26. Qf2 Kg7 27. Re2 Bc6 28.
Re3 Re8 29. Kf1 Na4 30. Nh4 Nc3 31. Qg1 Qd4 32. Qf2 Bb5 33. Re1 Qxf2+ 34. Kxf2 Bxc4 35. dxc4 Kf7 36. Re3 Na4 37. Rc3 Nc5 38. Rf3 Rd8 39. Ng2 Rd2+ 40. Kg1 Rxc2 41. Ne3 Rxa2 42. h4 a5 43. g4 a4 44. g5 a3 45. gxf6 Ra1+ 46. Kg2 a2 47. Ng4 Rb1 48. Ne5+ Kxf6 49. Ng4+ Kg7 0-1

[Event "Late-Titled-Tuesday-Blitz-December-26-2023"]
[Site "Chess.com"]
[Date "2023.12.26"]
[Round "2"]
[White "SocoLoco"]
[Black "alertakobra"]
[Result "0-1"]
[WhiteElo "2118"]
[BlackElo "2449"]
[TimeControl "180+1"]
[EndTime "14:18:38 PST"]
[Termination "alertakobra won on time"]

1. e4 c5 2. c3 d5 3. exd5 Qxd5 4.
d4 Nf6 5. Nf3 Bg4 6. Be2 e6 7.
O-O Nc6 8. h3 Bh5 9. Re1 Be7 10.
Be3 cxd4 11. cxd4 O-O 12. Nc3 Qd6 13. a3 Rfd8 14. Rc1 a6 15. b4 Rac8 16. Na4 Nd5 17. Nc5 Qb8 18. Qb3 Nxe3 19. fxe3 Bg6 20. Bd3 e5 21.
Bxg6 hxg6 22. d5 Na7 23. e4 Bd6 24. Nd3 Nb5 25. a4 Nd4 26. Nxd4 exd4 27. Rxc8 Rxc8 28. e5 Rc3 29. Qd1 Bf8 30. Nc5 Bxc5 31. bxc5 Rxc5 32.
Qxd4 Qc8 33. d6 Rc1 34. Rxc1 Qxc1+ 35. Kh2 Qc8 36. d7 Qd8 37. Qd6 b5 38. axb5 axb5 39. e6 fxe6 40. Qxe6+ Kf8 41. Qd6+ Kf7 42. Qd5+ Ke7 43.
Qxb5 Qxd7 44. Qxd7+ Kxd7 45. Kg3 Ke6 46. Kg4 Kf6 47.
Kf4 g5+ 48. Kg4 Kg6 49. g3 Kf6 50. Kh5 Kf5 51. g4+ Kf6 52. h4 g6+ 53. Kh6 gxh4 0-1

[Event "Late-Titled-Tuesday-Blitz-December-26-2023"]
[Site "Chess.com"]
[Date "2023.12.26"]
[Round "2"]
[White "Maect19"]
[Black "SnekkerAndersen"]
[Result "1-0"]
[WhiteElo "2362"]
[BlackElo "2559"]
[TimeControl "180+1"]
[EndTime "14:18:40 PST"]
[Termination "Maect19 won on time"]

1. Nf3 c6 2. c4 d5 3. e3 Nf6 4. Nc3 g6 5. b3 Bg7 6. Bb2 O-O 7. Be2 Ne4 8. Qc2 Nxc3 9. Bxc3 Bxc3 10. Qxc3 Nd7 11. d4 Nf6 12. Nd2 Qd6 13. O-O Bg4 14.
f3 Bf5 15. Bd3 Bxd3 16. Qxd3 e5 17. Rad1 Rfe8 18. Rfe1 Rad8 19. c5 Qc7 20. Re2 exd4 21. exd4 Rxe2 22. Qxe2 Re8 23. Qf2 Qa5 24. Nf1 Nh5 25. g3 f5 26. Qd2 Qa6 27. Qd3 Qxa2 28. Rd2 Qa1 29. Rd1 Qa5 30. Rd2 Kf7 31. Re2 Rxe2 32.
Qxe2 Qc3 33. Qe5 Qxf3 34. Qc7+ Kg8 35. Qc8+ Kg7 36. Qxb7+ Kh6 37. Qxc6 Qe4 38. Qa4 Nf6 39.
Qb4 Qe6 40. Qd2+ g5 41. b4 a6 42. Qe3 Ne4 43. Nd2 Qc6 44. Nf3 Qa4 45. Qe1 Qb3 46. Ne5 Qb2 47. Nf7+ Kg6 48. Ne5+ Kf6 49. Qe3 Qb1+ 50. Kg2 Qc2+ 51. Kf1 Qb1+ 52. Qe1 Qb2 53. c6 Qxd4 54. Nd7+ 1-0

[Event "Late-Titled-Tuesday-Blitz-December-26-2023"]
[Site "Chess.com"]
[Date "2023.12.26"]
[Round "2"]
[White "PapaieDudu"]
[Black "RamyresCoelho"]
[Result "1-0"]
[WhiteElo "2498"]
[BlackElo "2289"]
[TimeControl "180+1"]
[EndTime "14:18:40 PST"]
[Termination "PapaieDudu won on time"]

1. e4 c5 2. Nf3 d6 3. d4 cxd4 4.
Nxd4 Nf6 5. Nc3 a6 6. f3 e6 7. Be3 b5 8. g4 Bb7 9. Qd2 Nbd7 10. g5 Nh5 11. O-O-O Rc8 12. h4 Ng3 13. Rg1 Nxf1 14. Rdxf1 Ne5 15. Qe2 Nc4 16. Bf2 Qa5 17. Nb3 Qb4 18. Be1 Ne5 19. f4 Nd7 20. f5 Qc4 21.
g6 Qxe2 22. gxf7+ Kxf7 23. fxe6+ Kxe6 24. Nd4+ Ke7 25. Ndxe2 b4 26. Nd5+ Bxd5 27. exd5 Nf6 28. Nf4 a5 29. Bf2 Kd7 30. Re1 a4 31. Kb1 b3 32.
cxb3 axb3 33. axb3 g6 34. Bd4 Bg7 35. Ne6 Rhg8 36.
Nxg7 Rxg7 37. Bxf6 Rf7 38. Rgf1 Rc5 39. Rd1 Rb5 40.
Kc2 Rf8 41. Rd3 Rb4 42. Bc3 Rxf1 43. Bxb4 Rf4 44. Kc3 Rxh4 45. Rf3 Rh2 46. Rf7+ Ke8 47. Ra7 Rh3+ 48. Kc4 Rh4+ 49. Kb5 Rh5 50. Kc6 Rh3 51. Bxd6 Rxb3 52. Ra8+ Kf7 53. Ra2 h5 54. Kd7 1-0

[Event "Late-Titled-Tuesday-Blitz-December-26-2023"]
[Site "Chess.com"]
[Date "2023.12.26"]
[Round "2"]
[White "pirulillo"]
[Black "CarlosjPineror"]
[Result "0-1"]
[WhiteElo "2275"]
[BlackElo "2495"]
[TimeControl "180+1"]
[EndTime "14:18:40 PST"]
[Termination "CarlosjPineror won by resignation"]

1. e4 c5 2. Nf3 e6 3. d3 Nc6 4. g3 d5 5. Nbd2 Nf6 6. Bg2 Be7 7. O-O O-O 8. e5 Nd7 9. Re1 b5 10. a4 b4 11. Nf1 a5 12. h4 Ba6 13. Bf4 Nd4 14. N1h2 Rc8 15. c3 bxc3 16. bxc3 Nxf3+ 17.
Nxf3 Rb8 18. Bf1 Qb6 19. Rb1 Qxb1 20. Qxb1 Rxb1 21. Rxb1 Rb8 22. Rxb8+ Nxb8 23. Nd2 Nd7 24. Nb3 Nb6 25. Nxa5 Nxa4 26. c4 Nb2 27. Bc1 Na4 28. Ba3 Kf8 29. Nc6 Ke8 30. Nxe7 Kxe7 31. Be2 dxc4 32. dxc4 Kd7 33. Bd1 Nc3 34. Bb3 Ne2+ 35.
Kf1 Nd4 36. Ba2 Kc6 37. f4 g6 38. Kf2 h5 39. Bb2 Kb6 40. Ke3 Nf5+ 41. Kf2 Bb7 42. Bb1 Nd4 43. Ke3 Nc6 44. Bc2 Na5 45. Bd3 Ba6 46. g4 hxg4 47. f5 exf5 48. Bxf5 gxf5 49. h5 Nxc4+ 50. Kf4 Nxb2 51. h6 Nd3+ 52. Kg5 Nxe5 53. h7 Ng6 54. Kf6 Bc4 55. Kg7 g3 56. h8=N Nxh8 57.
Kxh8 g2 58. Kh7 g1=Q 59. Kh6 Qd4 60. Kh5 f4 61. Kh4 f3+ 62. Kg3 f2 0-1

[Event "Late-Titled-Tuesday-Blitz-December-26-2023"]
[Site "Chess.com"]
[Date "2023.12.26"]
[Round "2"]
[White "enriquetejedor"]
[Black "StellarChess"]
[Result "1-0"]
[WhiteElo "2760"]
[BlackElo "2523"]
[TimeControl "180+1"]
[EndTime "14:18:43 PST"]
[Termination "enriquetejedor won on time"]

1. e4 a6 2. d4 c6 3. c4 d5 4. Nc3 dxe4 5. Nxe4 Nf6 6. Nc3 e6 7. Nf3 c5 8. Be3 cxd4 9. Qxd4 Qxd4 10.
Nxd4 Bd7 11. O-O-O Nc6 12. Be2 Nxd4 13. Bxd4 Bc6 14.
f3 Be7 15. Rd2 O-O-O 16. Rhd1 Rd7 17. b3 Rhd8 18. Kb2 h6 19. Bf1 g5 20. Be3 Rxd2+ 21. Rxd2 Rxd2+ 22. Bxd2 Bd6 23. h3 Be5 24. Kc2 Nh5 25.
Bd3 Nf4 26. Bxf4 Bxf4 27. Be4 Bd7 28. Kd1 Kc7 29. Ke2 b6 30. Bc2 Kd6 31. Ne4+ Ke5 32. g3 Bc1 33. Nf2 Kd4 34. Ng4 Kc3 35. Bd1 f5 36.
Nxh6 Kb2 37. a4 g4 38. Nxg4 fxg4 39. fxg4 e5 40. Kd3 Bc6 41. h4 e4+ 42. Ke2 Kc3 43. g5 Be8 44. Ke1 Bd2+ 45. Kf1 e3 46. h5 e2+ 47. Bxe2 Bxg5 48. Bd1 Kd2 49. Bf3 Kc2 50. b4 Bxa4 51. Bb7 a5 52. c5 Bb5+ 53. Kf2 axb4 54. cxb6 b3 55. Be4+ Kd2 56. b7 Be3+ 57. Kg2 Ba7 58. h6 b2 59. h7 Bc6 60.
Bxc6 b1=Q 61. h8=Q Qg1+ 62. Kh3 Qf1+ 63. Bg2 Qf5+ 64.
Kh2 1-0

[Event "Late-Titled-Tuesday-Blitz-December-26-2023"]
[Site "Chess.com"]
[Date "2023.12.26"]
[Round "2"]
[White "le-castor-faineant"]
[Black "NoHeThTo"]
[Result "0-1"]
[WhiteElo "2314"]
[BlackElo "2669"]
[TimeControl "180+1"]
[EndTime "14:18:47 PST"]
[Termination "NoHeThTo won by checkmate"]

1. e4 c5 2. Nf3 g6 3. d4 cxd4 4. Nxd4 Bg7 5. Nc3 Nc6 6. Nb3 Nf6 7. Bd3 O-O 8. O-O d6 9. Bg5 Be6 10. Qd2 Na5 11. Qc1 Rc8 12. Nd4 Bc4 13. Rd1 Qb6 14. Be3 Ng4 15. Bxc4 Nxc4 16. Nd5 Qd8 17. Bg5 Nf6 18.
Bxf6 exf6 19. b3 Nb6 20. Nb5 f5 21. Rb1 Nxd5 22. Rxd5 fxe4 23. Nxd6 Rc6 24. Qd2 Qe7 25. c4 f5 26. Rd1 a6 27. a4 f4 28. Qe2 e3 29. f3 Rc7 30. Ne4 Rf5 31. Rd8+ Rf8 32. R8d5 Qb4 33. Qd3 Re8 34. h3 Rce7 35. Rd7 Qa3 36.
Qd5+ Kh8 37. Ng5 e2 38. Re1 Qb4 39. Kf2 Qxe1+ 40. Kxe1 Bc3+ 41. Qd2 Bxd2+ 42. Rxd2 Kg7 43. Ne4 b5 44. axb5 axb5 45. cxb5 Rb8 46. Kxe2 Rxb5 47.
Rd3 Reb7 48. Nd2 Re5+ 49. Kf2 Ra7 50. g3 fxg3+ 51. Kxg3 Ra2 52. Nc4 Ree2 53. Ne3 Rab2 54. Nc4 Rg2+ 55. Kf4 Rbe2 56. Rd7+ Kf6 57. Rxh7 g5# 0-1

[Event "Late-Titled-Tuesday-Blitz-December-26-2023"]
[Site "Chess.com"]
[Date "2023.12.26"]
[Round "2"]
[White "karinachess1"]
[Black "egnfanclub"]
[Result "1-0"]
[WhiteElo "2559"]
[BlackElo "2333"]
[TimeControl "180+1"]
[EndTime "14:18:49 PST"]
[Termination "karinachess1 won on time"]

1. d4 d5 2. c4 c6 3. Nf3 Nf6 4. g3 e6 5. Bg2 Bb4+ 6. Nc3 dxc4 7.
Ne5 c5 8. a3 Bxc3+ 9. bxc3 cxd4 10. cxd4 O-O 11. O-O Nbd7 12. Nxc4 Nb6 13. Ne5 Nfd5 14.
Bb2 f6 15. Nd3 Nc4 16. Bc1 b6 17. Qb3 Qc7 18. e4 Ne7 19. Bf4 Na5 20. Qxe6+ Bxe6 21.
Bxc7 Rac8 22. Bd6 Rfe8 23. d5 Bf7 24. Rac1 Nc4 25. Bf4 Ng6 26. Bh3 Nxf4 27. Nxf4 Rc5 28. Ne6 Bxe6 29. Bxe6+ Kf8 30. Rc3 Nd2 31. Rxc5 bxc5 32.
Rc1 Nxe4 33. Bf5 Nd6 34. Bxh7 c4 35. Rb1 Kf7 36. Bc2 Re5 37. Rd1 Re2 38. Bb1 c3 39. Rc1 Ne4 40. Bxe4 Rxe4 41. Rxc3 Rd4 42. Rc7+ Kg6 43.
Rxa7 Rxd5 44. g4 Rd2 45. Kg2 Kh6 46. h4 g6 47. a4 Rd4 48. Kg3 Rd3+ 49. f3 Ra3 50. a5 g5 51. h5 f5 52. Ra6+ Kh7 53. gxf5 Ra4 54. Ra8 Kh6 55. a6 g4 56. fxg4 Ra3+ 57.
Kh4 Ra5 58. g5+ Kh7 59. Ra7+ Kh8 60. h6 Rb5 61. Rb7 Ra5 62. a7 1-0

[Event "Late-Titled-Tuesday-Blitz-December-26-2023"]
[Site "Chess.com"]
[Date "2023.12.26"]
[Round "2"]
[White "ahkashefi2800"]
[Black "GMBenjaminBok"]
[Result "0-1"]
[WhiteElo "2608"]
[BlackElo "2964"]
[TimeControl "180+1"]
[EndTime "14:18:52 PST"]
[Termination "GMBenjaminBok won by checkmate"]

1. d4 Nf6 2. Nf3 e6 3. g3 c5 4.
Bg2 cxd4 5. O-O d5 6. Nxd4 e5 7. Nb3 Be6 8. Bg5 Nbd7 9. N1d2 Be7 10. c3 h6 11. Bxf6 Nxf6 12. e4 O-O 13. exd5 Nxd5 14. Qe2 Qc7 15. Rfe1 f6 16. Rad1 Rfd8 17. Be4 Bf8 18.
Bb1 Ne7 19. Nf1 Rxd1 20. Rxd1 Rd8 21. Rxd8 Qxd8 22. Nc5 Bc8 23. Qc2 f5 24. Qb3+ Qd5 25. Ne3 Qxb3 26. axb3 Kf7 27. b4 b6 28. Ba2+ Kf6 29. Nd3 e4 30. Nf4 g5 31. Nfd5+ Nxd5 32. Nxd5+ Ke5 33. Ne3 f4 34. gxf4+ gxf4 35. Nc4+ Kf5 36.
Bb1 Be6 37. Nd2 Ke5 38. Bxe4 a5 39. bxa5 bxa5 40. Bc2 Bc5 41. Bb3 Bc8 42. Nc4+ Ke4 43. Nxa5 Kd3 44. Kg2 Ke2 45. f3 h5 46. Bd5 h4 47. h3 Bf5 48. b4 Be3 49. c4 Bd3 50. c5 Ke1 51. Bc4 Bf5 52. c6 Bb6 53. Ba6 Be6 54.
Nb7 Bd5 55. b5 Ke2 56. Nd6 Bxf3+ 57. Kh2 Kf1 58. Nf5 Bg1# 0-1

[Event "Late-Titled-Tuesday-Blitz-December-26-2023"]
[Site "Chess.com"]
[Date "2023.12.26"]
[Round "2"]
[White "slidingknight2775"]
[Black "jactorres"]
[Result "1-0"]
[WhiteElo "2703"]
[BlackElo "2507"]
[TimeControl "180+1"]
[EndTime "14:19:00 PST"]
[Termination "slidingknight2775 won by resignation"]

1. Nf3 Nf6 2. g3 b5 3. d3 Bb7 4.
e4 d6 5. Bg2 Nbd7 6. O-O e5 7.
Re1 a6 8. c3 g6 9. Nbd2 Bg7 10.
d4 O-O 11. a4 Re8 12. d5 Nc5 13. axb5 axb5 14. Rxa8 Qxa8 15. Qc2 c6 16. b4 Na4 17.
c4 cxd5 18. cxd5 Rc8 19. Qd3 Ba6 20. Nb1 Rc4 21. Bd2 Ng4 22. Na3 Qa7 23. Rf1 Rc8 24. h3 Nf6 25. Rc1 Rxc1+ 26. Bxc1 Qb7 27. Qc2 Nb6 28. Bf1 Na4 29. Bd3 Ne8 30. Nd2 Nc7 31.
Nb3 f5 32. Na5 Qc8 33. exf5 Nxd5 34. Qxc8+ Bxc8 35. fxg6 Nxb4 36. gxh7+ Kh8 37. Bxb5 Nc3 38. Bd2 Nxb5 39. Nxb5 Nd5 40. Nxd6 Be6 41. Nc6 Kxh7 42. h4 Nf6 43. Nb4 e4 44. Bc3 Bg4 45. Bxf6 Bxf6 46.
Nxe4 Be7 47. Na2 Bf3 48. Nac3 Kg6 49. Nd2 Bc6 50. Nf1 Kf5 51. Ne3+ Ke5 52. Ne2 Ke4 53. Nf4 Kf3 54. Nfg2 Bc5 55. h5 Be8 56. g4 Be7 57.
Nf5 Kxg4 58. Nxe7 Bxh5 59. Nd5 Kf3 60. Ne1+ Ke4 61. Nf6+ Kf5 62. Nxh5 Kg4 63. Ng3 Kh3 64. Kf1 Kg4 65. Kg2 Kf4 66. Nd3+ 1-0

[Event "Late-Titled-Tuesday-Blitz-December-26-2023"]
[Site "Chess.com"]
[Date "2023.12.26"]
[Round "2"]
[White "BardArtem"]
[Black "AsaHoffmann"]
[Result "1/2-1/2"]
[WhiteElo "2669"]
[BlackElo "2372"]
[TimeControl "180+1"]
[EndTime "14:19:01 PST"]
[Termination "Game drawn by repetition"]

1. e4 d6 2. d4 Nf6 3. Nc3 c6 4. Nf3 Bg4 5. h3 Bh5 6. g4 Bg6 7. e5 dxe5 8. Nxe5 e6 9. h4 Bb4 10. Bg2 Be4 11. Bxe4 Nxe4 12. Qf3 Bxc3+ 13. bxc3 Nd6 14. h5 h6 15. Bf4 O-O 16. Rg1 Nd7 17. g5 hxg5 18. Bxg5 f6 19. Nxd7 Qxd7 20. Bf4 Nf5 21.
O-O-O Qd5 22. Qg4 Rf7 23. Kb2 Qb5+ 24. Ka1 Qa5 25. Rd3 Rd8 26. Qg6 Kf8 27. h6 gxh6 28.
Re1 Ke7 29. Qg2 Rd5 30. Qe4 Ng7 31. Bxh6 f5 32. Qe3 f4 33. Qe4 Rd6 34. Bxg7 Rxg7 35. Qxf4 Rf7 36. Qe3 Qf5 37. Re2 Qf4 38. Qxf4 Rxf4 39.
Rh3 Rd5 40. Rh6 Rf6 41. Rh7+ Rf7 42. Rh8 Rdf5 43. Rb8 Kd6 44. Rd8+ Kc7 45. Re8 Rxf2 46. R8xe6 b5 47. Kb2 Kb6 48. R2e5 a5 49. Rc5 Rc7 50. Rh5 b4 51. Rhh6 Rf3 52. cxb4 axb4 53. d5 Rc3 54. Rxc6+ R3xc6 55.
Rxc6+ Rxc6 56. dxc6 Kxc6 57. Kc1 Kc5 58. Kd1 Kd4 59. Kd2 Kc4 60. Kd1 Kd4 61. Kc1 Kc4 62. Kb1 Kc3 63. Kc1 Kc4 64. Kb2 Kc5 65. Ka1 Kc4 66.
Kb2 Kc5 67. a3 bxa3+ 68. Kb3 a2 69. Kxa2 Kc4 70. Kb2 Kb4 71. Kc1 Kc3 72. Kd1 Kc4 73. Kd2 Kd4 74. Kc1 Kc3 75. Kb1 Kc4 76. Kb2 Kb4 77. c3+ Kc4 78. Kc2 Kc5 79. Kd3 Kd5 80. Ke3 Kc4 81. Kd2 Kc5 82. Kd3 Kd5 83. Kc2 Kc4 84. Kb2 Kc5 85. Kb3 Kb5 86. c4+ Kc5 87.
Kc3 Kc6 88. Kb4 Kb6 89. Kc3 Kc5 90. Kd3 Kc6 91. Kd4 Kd6 92. Kd3 Kc5 93. Kc3 Kc6 94. Kb4 Kb6 95. c5+ Kc6 96. Kc4 Kc7 97. Kd5 Kd7 98.
Kd4 Kc6 99. Kc4 Kc7 100. Kb5 Kb7 101. Kb4 Kc6 102. Kc4 1/2-1/2

[Event "Late-Titled-Tuesday-Blitz-December-26-2023"]
[Site "Chess.com"]
[Date "2023.12.26"]
[Round "2"]
[White "AungTZ"]
[Black "Balla_Tamas"]
[Result "0-1"]
[WhiteElo "2092"]
[BlackElo "2445"]
[TimeControl "180+1"]
[EndTime "14:19:02 PST"]
[Termination "Balla_Tamas won by resignation"]

1. e4 c5 2. Nf3 Nc6 3. Bb5 Nf6 4. e5 Nd5 5. Nc3 Nc7 6. Bxc6 dxc6 7. h3 h6 8. O-O Bf5 9. Re1 e6 10. d3 Be7 11.
Ne4 O-O 12. a4 a5 13. Bf4 b6 14. g4 Bh7 15. Bg3 Nd5 16. Nfd2 Kh8 17. Nc4 f5 18. exf6 Bxf6 19. Nxf6 Qxf6 20. Ne5 Nf4 21. Kh2 Rad8 22. Qd2 Ng6 23. Nxc6 Rd5 24. Qc3 Qf3 25. Ne5 Nxe5 26. Rxe5 h5 27. Rxh5 Rxh5 28. gxh5 Qxh5 29. Qe5 Bf5 30.
h4 Qg4 31. Qf4 Qh3+ 32. Kg1 Kg8 33. Qg5 Bg4 34. Be5 Rf7 35. Qd8+ Kh7 36. Qa8 Bf3 37. Qxf3 Qxf3 38. Bg3 e5 39. Re1 e4 40. Rxe4 Qd1+ 41.
Kh2 Qxc2 42. Kg2 Qxd3 43. Re5 Qc4 44. Rh5+ Kg8 45. Rg5 Qe4+ 46. Kh2 Qxa4 47. h5 Qd4 48. h6 Rxf2+ 49. Kh3 Rf7 50. Be5 Qe3+ 51. Kh4 Rf4+ 52. Kh5 Qf3+ 53. Kg6 Rf6+ 54. Bxf6 Qxf6+ 55. Kh5 Qxh6+ 56. Kg4 Qe6+ 57. Kf4 Qf6+ 58. Rf5 Qxb2 59. Rd5 Qd4+ 60.
Rxd4 cxd4 61. Ke4 Kf7 62. Kd3 Kf6 63. Kxd4 Kf5 64. Kc4 Kf4 65. Kb5 g5 66. Kxb6 g4 67. Kxa5 g3 68. Kb6 g2 69. Kc7 g1=Q 0-1

[Event "Late-Titled-Tuesday-Blitz-December-26-2023"]
[Site "Chess.com"]
[Date "2023.12.26"]
[Round "2"]
[White "Bauman_Guy"]
[Black "sheldons73tshirt"]
[Result "0-1"]
[WhiteElo "2906"]
[BlackElo "2642"]
[TimeControl "180+1"]
[EndTime "14:19:06 PST"]
[Termination "sheldons73tshirt won by resignation"]

1. e4 c6 2. d4 d5 3. e5 Bf5 4. h4 Qb6 5. Nc3 Na6 6. Na4 Qd8 7. h5 Nc7 8. g4 Bd7 9. Be3 e6 10. f4 b6 11. c3 Nh6 12. Bh3 Be7 13. Nf3 Qc8 14. Kf2 Qa6 15. b3 c5 16. Kg3 Rc8 17. Rc1 cxd4 18. cxd4 f5 19. g5 Nf7 20. Bf1 Bb5 21. Bxb5+ Qxb5 22. Qc2 O-O 23. g6 Nh6 24. gxh7+ Kxh7 25. Qc6 Ng4 26. Rhe1 Bb4 27. Ng5+ Kg8 28. Qxb5 Nxb5 29. Nxe6 Bxe1+ 30. Rxe1 Rc2 31. Nxf8 Kxf8 32.
Kh4 Rg2 33. Bg1 Nc7 34. Nc3 Kf7 35. Rc1 Ke6 36. Kh3 Rd2 37. Nb1 Rd3+ 38. Kh4 Kd7 39. Nc3 Rf3 40. Kg5 Ne6+ 41. Kg6 Nxf4+ 42. Kf7 Rg3 43. e6+ Nxe6 44. Kg8 Nf6+ 45. Kf7 Rh3 46. Nb5 Rxh5 47. Be3 Rh7 48. Kg6 Rh3 49. Kf7 Rxe3 50.
Nxa7 f4 51. Nc6 f3 52. Nb8+ Kd8 53. Nc6+ Kd7 54. Nb8+ Kd8 55. Nc6+ Kc7 56. Ne5+ Kb7 57. Kxe6 f2 58. Rf1 Ne4 59. Kxd5 Re1 60. Rxf2 Nxf2 61. a4 g5 62. Nc4 g4 63. Nd6+ Ka6 64. b4 g3 65. Kc6 Rc1+ 0-1

[Event "Late-Titled-Tuesday-Blitz-December-26-2023"]
[Site "Chess.com"]
[Date "2023.12.26"]
[Round "2"]
[White "monalize"]
[Black "TanitoluwaAps116"]
[Result "0-1"]
[WhiteElo "2498"]
[BlackElo "2748"]
[TimeControl "180+1"]
[EndTime "14:19:06 PST"]
[Termination "TanitoluwaAps116 won by checkmate"]

1. e4 c5 2. Nf3 Nc6 3. d4 cxd4 4. Nxd4 Nf6 5. Nc3 e6 6. Nxc6 bxc6 7. e5 Nd5 8. Ne4 Qc7 9. f4 Rb8 10. c4 Bb4+ 11.
Kf2 f5 12. Nd6+ Bxd6 13. exd6 Qb6+ 14. Kf3 Nf6 15. b3 Ng4 16. Qd2 c5 17. h3 Bb7+ 18. Kg3 Nf6 19. Kh2 Ne4 20. Qe3 Qxd6 21. Bb2 Qe7 22.
Bd3 O-O 23. g4 Qh4 24. Rhg1 Rf7 25. Bxe4 Bxe4 26. Qxc5 d6 27. Qe3 Rbf8 28. Rg3 g6 29. Qd4 e5 30. Qxd6 exf4 31. Qxf4 fxg4 32. Qe5 Rf2+ 33.
Kg1 R8f6 34. Qe8+ Kg7 35. Bxf6+ Rxf6 36. Qe5 gxh3 37. Kh2 Qf4 38. Qxf4 Rxf4 39. Kxh3 Kf6 40. Re1 h5 41. Rge3 Bf5+ 42. Kg3 g5 43. c5 h4+ 44. Kg2 g4 45. c6 Kg5 46. c7 g3 47. Re5 Rf2+ 48. Kg1 Rc2 49. Rf1 Kg4 50. Rexf5 Rxc7 51. R5f4+ Kh3 52. Rc4 Rd7 53. Rb1 Rd2 54. b4 Rg2+ 55. Kf1 Rf2+ 56. Kg1 Rg2+ 57. Kf1 Rxa2 58. b5 Rh2 59.
Re1 Rh1+ 60. Ke2 g2 61. Rc3+ Kh2 62. Rcc1 Rxe1+ 63. Rxe1 g1=Q 64. Rxg1 Kxg1 65. Kf3 h3 66. Kg4 h2 67. Kf5 h1=Q 68. Ke6 Qb7 69. Kd6 Qxb5 70. Kc7 a5 71. Kc8 a4 72. Kc7 a3 73. Kc8 a2 74.
Kc7 a1=R 75. Kc8 Ra7 76. Kd8 Qb8# 0-1